 Dungeon Crawl Stone Soup version 0.30-a0-777-ga9a30cbeda (webtiles) character file.

Game seed: 9988108429278528579

7109 Newt the Slasher (level 10, -3/71 HPs)
             Began as a Demonspawn Gladiator on Feb 13, 2023.
             Was a High Priest of Okawaru.
             Slain by a centaur warrior (8 damage)
             ... on level 9 of the Dungeon.
             The game lasted 00:11:09 (7672 turns).

Newt the Slasher (Demonspawn Gladiator)             Turns: 7672, Time: 00:11:09

Health: -3/71      AC:  6    Str: 19    XL:     10   Next: 85%
Magic:  20/20      EV: 16    Int:  5    God:    Okawaru [*****.]
Gold:   310        SH:  0    Dex: 20    Spells: 19/23 levels left

rFire   + . .      SeeInvis +    g - +7 Throatcutter {drain, coup de grace}
rCold   . . .      Faith    .    (no shield)
rNeg    . . .      Spirit   .    o - +1 robe of the Stallion {rPois Regen+ Int-5 SInv}
rPois   +          Reflect  .    (helmet restricted)
rElec   .          Harm     .    (cloak unavailable)
rCorr   .          Rampage  .    x - +2 pair of gloves
Will    .....                    (no boots)
Stlth   ++                       (no amulet)
HPRegen 1.11/turn                t - +6 ring of dexterity
MPRegen 0.17/turn                B - ring of protection from fire

@: studying Maces & Flails
A: hooves 1, horns 2, spiny 1, demonic magic 2, weakness stinger 3
a: Renounce Religion, Heroism, Finesse, Duel


You were on level 9 of the Dungeon.
You worshipped Okawaru.
Okawaru was extremely pleased with you.
You visited 2 branches of the dungeon, and saw 10 of its levels.
You also visited: Bailey.

You collected 482 gold pieces.
You spent 172 gold pieces at shops.

Inventory:

Hand Weapons
 a - a +0 rapier
 g - the +7 Throatcutter (weapon) {drain, coup de grace}
   (You took it off Terence on level 3 of the Dungeon)
 N - a +0 broad axe of flaming
 V - a -1 demon whip of venom
Missiles
 h - a javelin
 n - 5 boomerangs (quivered)
 C - 5 silver javelins
 R - 2 throwing nets
Armour
 b - a +0 leather armour
 c - a +0 helmet
 d - a +2 robe of willpower
 f - a +0 cloak
 o - the +1 robe of the Stallion (worn) {rPois Regen+ Int-5 SInv}
   (You found it on level 2 of the Dungeon)

   Int:       It affects your intelligence (-5).
   rPois:     It protects you from poison.
   SInv:      It lets you see invisible.
   Regen:     It increases your rate of health regeneration.
 u - the +1 scale mail of the Everdark {rCorr}
   (You found it on level 4 of the Dungeon)

   rCorr:     It protects you from acid and corrosion.
 x - a +2 pair of gloves (worn)
 E - +0 steam dragon scales
 M - +0 acid dragon scales
Jewellery
 t - a +6 ring of dexterity (left hand)
 y - a ring of poison resistance
 z - a ring of ice
 B - a ring of protection from fire (right hand)
 F - a ring of fire
 T - a ring of protection from cold
 W - a ring of protection from fire
Wands
 p - a wand of paralysis (14)
 w - a wand of flame (25)
 H - a wand of polymorph (7)
 P - a wand of iceblast (13)
Scrolls
 i - 2 scrolls of teleportation
 l - a scroll of silence
 m - a scroll of amnesia
 v - a scroll of torment
 U - a scroll of fog
Potions
 e - 2 potions of attraction
 j - 5 potions of heal wounds
 k - 4 potions of haste
 r - 3 potions of curing
 s - 4 potions of might
 A - a potion of flight {unknown}
 D - a potion of brilliance {unknown}
 G - a potion of lignification {unknown}
 I - a potion of magic {unknown}
 J - 2 potions of resistance {unknown}
 K - a potion of invisibility
 L - a potion of berserk rage
 O - a potion of cancellation {unknown}
 Q - a potion of degeneration {unknown}


   Skills:
 - Level 4.0 Fighting
 - Level 5.0(6.8) Short Blades
 - Level 7.2(8.0) Long Blades
 - Level 1.7 Throwing
 + Level 0.6 Armour
 - Level 6.0 Dodging
 - Level 7.0 Spellcasting
 - Level 7.0 Ice Magic
 - Level 7.0 Invocations


You had 19 spell levels left.
You knew the following spells:

 Your Spells              Type           Power      Damage    Failure   Level
a - Freeze                Ice            32%        1d5       1%          1
b - Frozen Ramparts       Ice            16%        1d3       4%          3

Your spell library contained the following spells:

 Spells                   Type           Power      Damage    Failure   Level
 Ensorcelled Hibernation  Hex/Ice        10%        N/A       10%         2
 Hailstorm                Conj/Ice       5%         3d4       19%         3
 Magic Dart               Conj           4%         1d3       26%         1
 Static Discharge         Conj/Air       2%         2-3/arc   36%         2
 Gell's Gravitas          Tloc           1%         N/A       61%         3
 Ignite Poison            Fire/Tmut/Pois 1%         N/A       61%         3
 Mephitic Cloud           Conj/Pois/Air  1%         N/A       61%         3
 Spider Form              Tmut/Pois      1%         N/A       61%         3
 Teleport Other           Tloc           1%         N/A       61%         3
 Vhi's Electric Charge    Tloc/Air       2%         N/A       61%         3
 Anguish                  Hex/Necr       0%         N/A       95%         4
 Sticky Flame             Conj/Fire      1%         2d3       95%         4
 Arcjolt                  Conj/Air       0%         1d10      100%        5
 Lightning Bolt           Conj/Air       0%         1d11      100%        5
 Dispersal                Tloc           0%         N/A       100%        6
 Ignition                 Fire           0%         3d3       100%        8
 Call Imp                 Summ           Unusable   N/A       N/A         2

Dungeon Overview and Level Annotations

Branches:
Dungeon (9/15)             Temple (1/1) D:4            Lair (0/5) D:9
 Bailey (visited)
    Orc: D:9-12

Altars:
Ashenzari
Cheibriados
Dithmenos
Fedhas
Gozag
Hepliaklqana
Kikubaaqudgha
Makhleb
Nemelex Xobeh
Okawaru
Qazlal
Ru
Sif Muna
Trog
Uskayaw
Vehumet
Wu Jian
Xom
Yredelemnul

Shops:
D:4 :[*

Annotations:
D:1 1 transporter
D:8 1 runed translucent door
D:9 3 runed translucent doors, mandoloar's ghost, novice DrCj


Innate Abilities, Weirdness & Mutations

You have large cloven feet.
You have a pair of horns on your head.
You are partially covered in sharp spines.
Spells you cast may paralyse nearby enemies.
You have a sharp stinger which inflicts weakening toxins.


Message History

* * * LOW HITPOINT WARNING * * *
The meliai closely misses you.
Unknown command.
You feel much better. The vampire mosquito bites you!
* * * LOW HITPOINT WARNING * * *
The vampire mosquito draws strength from your injuries!
The meliai completely misses you. The meliai closely misses you.
The centaur warrior is struck by your spines.
The centaur warrior closely misses you. The centaur warrior kicks you.
* * * LOW HITPOINT WARNING * * *
The meliai closely misses you. The meliai stings you!
* * * LOW HITPOINT WARNING * * *
The vampire mosquito misses you.
You feel much better. The centaur warrior hits you.
The centaur warrior barely misses you. The meliai is struck by your spines.
The meliai hits you with a +0 war axe!
* * * LOW HITPOINT WARNING * * *
The meliai completely misses you. The vampire mosquito bites you!
* * * LOW HITPOINT WARNING * * *
The vampire mosquito draws strength from your injuries!
The centaur warrior misses you.
The centaur warrior kicks you but does no damage.
The meliai is struck by your spines.
You kill the meliai!
Okawaru accepts your kill.
Training target 7.0 for Ice Magic reached!
Your Ice Magic skill increases to level 7!
You need to enable at least one skill for training.
As you read the scroll of fear, it crumbles to dust.
You assume a fearsome visage.
The brown ugly thing looks frightened!
The centaur warrior resists with some effort.
The vampire mosquito is unaffected.
The cyclops looks frightened!
The vampire mosquito bites you!
* * * LOW HITPOINT WARNING * * *
The vampire mosquito draws strength from your injuries!
The vampire mosquito is struck by your spines.
The vampire mosquito completely misses you.
The centaur warrior is struck by your spines.
The centaur warrior hits you!
You die...

#.#,,,*,,,',,,* #.
#.#,..*,,,*,,,* ###'
#.#*'##*****'** #...
#.#,..#,,,*,,,* #...
#.#,..#,,,',,,* #...
#.#,..#,,,*,,,* #..[
#.##u##***#*'*###...
#.#)y.#...#,,,#.'.>.
#.'@c.'..C',,,###...
###...#...#,,,* ####
#####***#****


You could see a brown ugly thing (fleeing), a centaur warrior, a cyclops
(fleeing) and a vampire mosquito.

Vanquished Creatures
  Amaemon (D:9)
  An orc knight (Bailey)
  An orange demon (D:9)
  Maggie (D:7)
  A meliai (D:9)
  Sigmund (D:3)
  2 wyverns
  2 steam dragons
  Grum (D:8)
  A water moccasin (D:9)
  Duvessa (D:7)
  3 orc warriors
  5 black bears
  3 ice beasts
  A sky beast (D:7)
  3 wolves (D:8)
  2 centaurs
  5 ogres
  A gnoll sergeant (D:7)
  3 scorpions
  2 bullfrogs
  A necrophage (D:6)
  5 wights
  Dowan (D:7)
  10 killer bees (D:9)
  A gnoll bouda (D:5)
  A jelly (D:5)
  6 orc priests
  4 hounds
  13 orc wizards
  2 iguanas
  Terence (D:3)
  6 adders
  33 gnolls
  2 white imps
  3 dart slugs
  45 orcs
  3 ball pythons
  4 bats
  11 endoplasms
  2 giant cockroaches
  9 goblins
  6 hobgoblins
  14 jackals
  4 kobolds
  4 quokkas
  2 frilled lizards (D:3)
  3 rats
237 creatures vanquished.

Vanquished Creatures (others)
  A jackal (D:1)
  A fungus (D:9)
  A plant (D:9)
3 creatures vanquished.

Grand Total: 240 creatures vanquished

Notes
Turn   | Place    | Note
-------+----------+-------------------------------------------
     0 | D:1      | Newt the Demonspawn Gladiator began the quest for the Orb.
     0 | D:1      | Reached XP level 1. HP: 16/16 MP: 1/1
    54 | D:1      | Gained mutation: You are partially covered in sharp spines.
                  | [demonic ancestry]
    54 | D:1      | Reached XP level 2. HP: 9/23 MP: 2/2
   474 | D:1      | Discovered your monstrous ancestry.
   474 | D:1      | Gained mutation: You have a small tail. [demonic ancestry]
   474 | D:1      | Reached XP level 3. HP: 29/29 MP: 3/3
   743 | D:2      | Identified the +1 robe of the Stallion {rPois Regen+ Int-5
                  | SInv}
   875 | D:2      | Gained mutation: You have a tail ending in a sharp stinger.
                  | [demonic ancestry]
   875 | D:2      | Reached XP level 4. HP: 25/37 MP: 4/4
  1512 | D:2      | Gained mutation: Spells you cast may paralyse adjacent
                  | enemies. [demonic ancestry]
  1512 | D:2      | Reached XP level 5. HP: 9/42 MP: 5/5
  2080 | D:3      | Noticed Sigmund
  2122 | D:3      | Killed Sigmund
  2123 | D:3      | Reached skill level 5 in Short Blades
  2123 | D:3      | Reached skill level 1 in Spellcasting
  2123 | D:3      | Gained mutation: You have a sharp stinger which inflicts
                  | weakening toxins. [demonic ancestry]
  2123 | D:3      | Reached XP level 6. HP: 33/48 MP: 5/8
  2269 | D:3      | HP: 1/48 [gnoll/+1 flail of protection (8)]
  2514 | D:3      | Noticed Terence
  2528 | D:3      | Killed Terence
  3099 | D:4      | Learned a level 1 spell: Freeze
  3134 | D:4      | Found a staircase to the Ecumenical Temple.
  3150 | Temple   | Entered the Ecumenical Temple
  3294 | Temple   | Became a worshipper of Warmaster Okawaru
  3324 | D:4      | Found Jusm's General Store.
  3343 | D:4      | Found Hoaraor's Antique Armour Shop.
  3369 | D:4      | Gained mutation: You have large cloven feet. [demonic
                  | ancestry]
  3369 | D:4      | Reached XP level 7. HP: 53/54 MP: 12/12
  3469 | D:4      | Identified the +1 scale mail of the Everdark {rCorr}
  3561 | D:4      | Found Zusopp's Vocational Training.
  3824 | D:4      | Bought a pair of embroidered gloves for 172 gold pieces
  3850 | D:5      | Entered Level 5 of the Dungeon
  4045 | D:5      | Reached skill level 5 in Spellcasting
  4150 | D:5      | Reached skill level 1 in Ice Magic
  4207 | D:5      | Reached * piety under Okawaru
  4489 | D:6      | Gained mutation: You have a pair of small horns on your
                  | head. [demonic ancestry]
  4489 | D:6      | Reached XP level 8. HP: 60/60 MP: 15/15
  4580 | D:6      | Found a blossoming altar of Fedhas.
  5278 | D:7      | Found a bloodstained altar of Trog.
  5283 | D:7      | Reached skill level 5 in Long Blades
  5283 | D:7      | Reached ** piety under Okawaru
  5313 | D:6      | Gained mutation: You have a pair of horns on your head.
                  | [demonic ancestry]
  5313 | D:6      | Reached XP level 9. HP: 32/65 MP: 16/16
  5489 | D:7      | Reached skill level 1 in Invocations
  5511 | D:7      | Noticed Dowan
  5512 | D:7      | Noticed Duvessa
  5518 | D:7      | Killed Duvessa
  5527 | D:7      | Killed Dowan
  5527 | D:7      | Reached *** piety under Okawaru
  5575 | D:7      | Found a flagged portal.
  5588 | Bailey   | Entered a bailey
  5772 | Bailey   | Noticed an orc knight
  5784 | Bailey   | Killed an orc knight
  6202 | D:7      | Received a gift from Okawaru
  6293 | D:7      | Noticed Maggie
  6303 | D:7      | Killed Maggie
  6303 | D:7      | Reached **** piety under Okawaru
  6304 | D:7      | Reached skill level 5 in Dodging
  6389 | D:7      | Found a burning altar of Makhleb.
  6406 | D:7      | Gained mutation: Spells you cast may paralyse nearby
                  | enemies. [demonic ancestry]
  6406 | D:7      | Reached XP level 10. HP: 71/71 MP: 17/17
  6651 | D:8      | Learned a level 3 spell: Frozen Ramparts
  6669 | D:8      | Found a runed translucent door.
  6676 | D:8      | Found a basalt altar of Yredelemnul.
  6725 | D:8      | Noticed Grum
  6731 | D:8      | Killed Grum
  7158 | D:9      | Found a runed translucent gate.
  7159 | D:9      | Found a runed translucent gate.
  7159 | D:9      | Found a runed translucent gate.
  7160 | D:9      | Found an opulent altar of Gozag.
  7167 | D:9      | Noticed mandoloar's ghost (novice DrCj)
  7173 | D:9      | Reached skill level 5 in Ice Magic
  7334 | D:9      | Noticed Amaemon
  7335 | D:9      | Noticed an orange demon
  7353 | D:9      | Killed Amaemon
  7353 | D:9      | Reached ***** piety under Okawaru
  7359 | D:9      | Killed an orange demon
  7556 | D:9      | Found a staircase to the Lair.
  7666 | D:9      | Noticed a centaur warrior
  7668 | D:9      | Noticed a brown ugly thing
  7669 | D:9      | Noticed a cyclops
  7669 | D:9      | HP: 2/71 [meliai/+0 war axe (9)]
  7672 | D:9      | Slain by a centaur warrior

Illustrated notes

Levels and vault maps discovered:
D:1:      spicycebolla_arrival_risky_transporter, layout_rooms
D:2:      layout_basic
D:3:      layout_basic, nicolae_half_adder, uniq_terence, uniq_sigmund
D:4:      layout_cave_pools, minmay_temple_entry_purple_smoke, serial_shops,
          shop, nicolae_shop_hallway_plus, nicolae_shop_vocational
D:5:      layout_basic, amcnicky_mini_pool_small, hangedman_decor_peaks_small
D:6:      layout_basic, lemuel_tele_altar
D:7:      layout_rooms, nicolae_overflow_crystal_walls, trog_ov_bears_minmay,
          enter_bailey_5, minmay_misc_feat_plants, uniq_duvessa, uniq_maggie
D:8:      layout_rooms, dk_yredelemnul_ordeal, grunt_ogre_cave,
          minmay_tree_intersection, minmay_misc_feat_diagonals, uniq_grum
D:9:      layout_roguey, grunt_lair_entry_orc_guard_hut, ebering_ghost_gozag,
          minmay_evil_grid, uniq_amaemon
Temple:   regret_index_temple_chain_breaker

Skill      XL: |  1  2  3  4  5  6  7  8  9 10 |
---------------+-------------------------------+-----
Fighting       | 3 4 |  4.0
Short Blades   | 3 4 5 |  5.0
Spellcasting   | 1 3 5 7 |  7.0
Ice Magic      | 4 7 |  7.0
Long Blades    | 6 7 |  7.2
Invocations    | 7 |  7.0
Dodging        | 5 6 |  6.0
Throwing       | |  1.7
Armour         | |  0.6

Action                     |  1- 3 |  4- 6 |  7- 9 | 10-12 || total
---------------------------+-------+-------+-------+-------++-------
  Melee: Rapier            |    66 |   122 |       |       ||   188
         Tailslap          |     3 |    15 |    18 |     6 ||    42
         Punch             |       |     3 |     3 |     1 ||     7
         Long sword        |       |    16 |   164 |    80 ||   260
         Kick              |       |       |    32 |    19 ||    51
         Headbutt          |       |       |    17 |     8 ||    25
  Throw: Throwing net      |       |     4 |       |       ||     4
         Javelin           |       |     3 |       |       ||     3
         Boomerang         |       |     1 |     1 |       ||     2
   Cast: Freeze            |       |       |    13 |       ||    13
 Invoke: Heroism           |       |       |     1 |       ||     1
    Use: Scroll            |     4 |     4 |     7 |     5 ||    20
         Potion            |       |     4 |     2 |     2 ||     8
   Stab: Held in net/web   |       |     1 |       |       ||     1
         Sleeping          |       |     1 |     7 |     2 ||    10
         Paralysed         |       |       |     8 |       ||     8
 Armour: Leather armour    |    18 |     7 |       |       ||    25
         Robe              |       |    10 |    42 |    30 ||    82
  Dodge: Dodged            |    37 |    63 |   138 |   112 ||   350

Table legend: (Time is in decaauts)
 A = Elapsed time spent in this place.
 B = Non-inter-level travel time spent in this place.
 C = Inter-level travel time spent in this place.
 D = Time resting spent in this place.
 E = Time spent auto-exploring this place.
 F = Levels seen in this place.
 G = Mean time per level.
                   A        B        C        D        E       F      G
               +--------+--------+--------+--------+--------+-----+--------+
         Total |   7672 |   7318 |    354 |    898 |   5043 |  11 |  697.5 |
       Dungeon |   7159 |   6833 |    326 |    879 |   4686 |   9 |  795.4 |
        Temple |    154 |    127 |     27 |      0 |    111 |   1 |  154.0 |
        Bailey |    358 |    358 |      0 |     19 |    246 |   1 |  358.0 |
               +--------+--------+--------+--------+--------+-----+--------+

Top non-repeatable levels by time:
     D:2: 1332 daAuts
     D:6: 1116 daAuts
     D:3: 1002 daAuts
     D:1: 743 daAuts
     D:7: 628 daAuts
     D:5: 619 daAuts
     D:4: 603 daAuts
     D:9: 581 daAuts
     D:8: 531 daAuts
  Bailey: 358 daAuts
  Temple: 154 daAuts
